 Dungeon Sprint DCSS version 0.28.0-53-g5a82cb258f (webtiles) character file.

Game seed: 12101542085013320528

12485 Zeld the Warrior (level 11, -1/124 HPs)
             Began as a Minotaur Berserker on June 8, 2022.
             Was the Champion of Trog.
             Slain by a sun demon (25 damage)
             ... summoned by an orc high priest
             ... in the Dungeon (Sprint III: "The Ten Rune Challenge").
             The game lasted 00:04:46 (6462 turns).

Zeld the Warrior (Minotaur Berserker)               Turns: 6462, Time: 00:04:46

Health: -1/124     AC:  3    Str: 25    XL:     11   Next: 63%
Magic:  10/10      EV: 17    Int:  4    God:    Trog [******]
Gold:   1652       SH:  0    Dex: 11    Spells: 10/10 levels left

rFire   . . .      SeeInvis .   a - +4 battleaxe
rCold   . . .      Faith    .   (shield currently unavailable)
rNeg    . . .      Spirit   .   b - +0 animal skin
rPois   .          Reflect  .   (helmet restricted)
rElec   .          Harm     .   (no cloak)
rCorr   .          Rampage  .   (no gloves)
Will    ++...      NoTele   +   (no boots)
Stlth   +.........              (no amulet)
HPRegen 1.30/turn               (no ring)
MPRegen 0.12/turn               (no ring)

@: strong-willed, regenerating
A: horns 2, retaliatory headbutt
a: Renounce Religion, Berserk, Trog's Hand, Brothers in Arms


You were in the Dungeon.
You worshipped Trog.
Trog was exalted by your worship.
You visited 1 branch You collected 1902 gold pieces.
You spent 250 gold pieces at shops.

Inventory:

Hand Weapons
 a - a +4 battleaxe (weapon)
 q - a +2 executioner's axe
Armour
 b - a +0 animal skin (worn)
Scrolls
 h - a scroll of enchant armour {unknown}
 i - a scroll of silence {unknown}
 j - 2 scrolls of holy word {unknown}
 k - 3 scrolls of identify
 n - a scroll of summoning {unknown}
Potions
 c - a potion of curing
 e - a potion of haste
 f - 2 potions of magic
 g - a potion of berserk rage
 l - a potion of might
 m - 6 potions of mutation
 o - 2 potions of flight
Miscellaneous
 p - a box of beasts


   Skills:
 * Level 20.2 Fighting
 * Level 20.1 Axes
 + Level 14.6 Armour
 + Level 13.4 Dodging


You had 10 spell levels left.
You didn't know any spells.
Your spell library was empty.

Dungeon Overview and Level Annotations

Branches:
Dungeon (1/1)

Altars:
Cheibriados
Dithmenos
Elyvilon
Fedhas
Gozag
Hepliaklqana
Kikubaaqudgha
Makhleb
Nemelex Xobeh
Okawaru
Qazlal
Ru
Sif Muna
Trog
Uskayaw
Vehumet
Wu Jian
Xom
Yredelemnul
Zin
The Shining One
Beogh
Jiyva
Lugonu

Shops:
D *


Innate Abilities, Weirdness & Mutations

You have a pair of horns on your head.
You reflexively headbutt those who attack you in melee.


Message History

Unknown command.
You slice the orc high priest!! You headbutt the orc high priest.
The orc high priest is severely wounded.
You slice the orc high priest!!
You kill the orc high priest!
Trog accepts your kill.
Items here: )) [[.
You start resting.
An orc high priest is nearby!
An orc high priest is nearby!
An orc high priest is nearby!
The orc high priest mumbles some strange prayers to Beogh.
Things that are here:
a +0 war axe of holy wrath; 7 curare-tipped darts The sun demon shouts!
The orc high priest hits you with a +0 hand axe.
There is an open door, spattered with blood here.
You completely miss the orc high priest.
You hit the orc high priest.
Your headbutt misses the orc high priest.
The orc high priest is lightly wounded.
The orc high priest hits you with a +0 hand axe!
You barely miss the orc high priest.
The orc high priest is lightly wounded.
You hit the sun demon but do no damage.
The orc high priest hits you with a +0 hand axe!
* * * LOW HITPOINT WARNING * * *
The sun demon hits you!
* * * LOW HITPOINT WARNING * * *
You are engulfed in flames!
* * * LOW HITPOINT WARNING * * *
Okay, then.
You feel much better. The sun demon misses you.
You feel much better. The sun demon hits you!
You are engulfed in flames!!
* * * LOW HITPOINT WARNING * * *
Unknown command.
Your skin crawls.
You feel strong-willed. The sun demon hits you!!
You die...

##)#.#.##.#.[##.....^#
.))#..#..##..'^^....^#
▓▓▓▓▓▓▓▓▓▓▓▓▓#.....^.#
.......≈≈≈...#...^...#
≈≈≈≈≈≈≈≈≈♣♣..'...^.^^#
♣♣♣♣♣♣♣♣♣♣♣..#....^..#
♣♣♣##'########
♣♣♣♣♣♣♣♣♣♣ #.))3o≈≈≈≈#
##≈≈≈≈D≈.. #..@#.§§§§#
.#≈≈≈≈≈D.. #...#)#§§§#
##+≈≈≈≈≈# #####.#c≈≈§#
).#≈S..... #.P...#
#≈≈§≈ ..#≈..+###
#.o.o.# c≈≈≈ ###...#
#...P.# #§≈ ...#
#.....# c§ ####
#+#####


You could see an orc high priest and a sun demon (summoned).

Vanquished Creatures
  Frances (D)
  Donald (D)
  Erolcha (D)
  Urug (D)
  4 orc high priests (D)
  An orc knight (D)
  A lindwurm (D)
  A deep elf zephyrmancer (D)
  4 deep elf pyromancers (D)
  A rime drake (D)
  2 cane toads (D)
  A komodo dragon (D)
  2 tyrant leeches (D)
  A shadow (D)
  5 redbacks (D)
  A spatial vortex (D)
  A swamp drake (D)
  A necrophage (D)
  2 orc warriors (D)
  5 two-headed ogres (D)
  A water elemental (D)
  A jelly (D)
  3 orc priests (D)
  A wizard (D)
  2 orc wizards (D)
  A necromancer (D)
  3 humans (D)
  A kobold demonologist (D)
  2 wandering mushrooms (D)
  A phantom (D)
  3 orcs (D)
  2 endoplasms (D)
  2 rats (D)
60 creatures vanquished.

Vanquished Creatures (collateral kills)
  An orc knight (D)
  5 orcs (D)
6 creatures vanquished.

Vanquished Creatures (others)
  A hydra (D)
  A wandering mushroom (D)
  11 plants (D)
13 creatures vanquished.

Grand Total: 79 creatures vanquished

Notes
Turn   | Place    | Note
-------+----------+-------------------------------------------
     0 | D        | Zeld the Minotaur Berserker began the quest for the Orb.
     0 | D        | Reached XP level 1. HP: 19/19 MP: 0/0
   122 | D        | Reached ** piety under Trog
   156 | D        | Reached skill level 5 in Fighting
   156 | D        | Reached skill level 5 in Axes
   156 | D        | Reached XP level 2. HP: 11/29 MP: 1/1
   403 | D        | Noticed a water elemental
   411 | D        | Killed a water elemental
   411 | D        | Reached *** piety under Trog
   412 | D        | Reached XP level 3. HP: 19/38 MP: 2/2
   412 | D        | Reached XP level 4. HP: 22/45 MP: 3/3
   601 | D        | Found a radiant altar of Vehumet.
   601 | D        | Found a shimmering blue altar of Sif Muna.
   601 | D        | Found an ancient bone altar of Kikubaaqudgha.
   601 | D        | Noticed a wizard
   609 | D        | Reached skill level 5 in Armour
   615 | D        | Killed a wizard
   970 | D        | Found a glowing silver altar of Zin.
   970 | D        | Found a glowing golden altar of the Shining One.
   970 | D        | Found a white marble altar of Elyvilon.
   971 | D        | Noticed a deep elf pyromancer
   976 | D        | Noticed a fire elemental
   976 | D        | Killed a deep elf pyromancer
   976 | D        | Reached **** piety under Trog
   977 | D        | Reached XP level 5. HP: 33/60 MP: 4/4
   977 | D        | Reached XP level 6. HP: 37/68 MP: 5/5
   977 | D        | Reached XP level 7. HP: 41/74 MP: 6/6
  1222 | D        | Found a hide-covered altar of Uskayaw.
  1222 | D        | Found an iron altar of Okawaru.
  1222 | D        | Found a bloodstained altar of Trog.
  1222 | D        | Found an ornate altar of the Wu Jian Council.
  1222 | D        | Noticed a human
  1223 | D        | Noticed a human
  1228 | D        | Killed a human
  1230 | D        | Killed a human
  1462 | D        | Found a basalt altar of Yredelemnul.
  1462 | D        | Found a shadowy altar of Dithmenos.
  1462 | D        | Found a sacrificial altar of Ru.
  1524 | D        | Noticed a shadow
  1528 | D        | Reached ***** piety under Trog
  1535 | D        | Killed a shadow
  1536 | D        | Reached XP level 8. HP: 60/85 MP: 7/7
  1603 | D        | Found a blossoming altar of Fedhas.
  1603 | D        | Found a stormy altar of Qazlal.
  1603 | D        | Found a snail-covered altar of Cheibriados.
  1603 | D        | Found a burning altar of Makhleb.
  1603 | D        | Found a shimmering altar of Xom.
  1604 | D        | Found a hazy altar of Hepliaklqana.
  1604 | D        | Found an opulent altar of Gozag.
  1604 | D        | Found a sparkling altar of Nemelex Xobeh.
  1604 | D        | Found a corrupted altar of Lugonu.
  1604 | D        | Found a viscous altar of Jiyva.
  1725 | D        | Received a gift from Trog
  2004 | D        | Noticed a two-headed ogre
  2012 | D        | Killed a two-headed ogre
  2013 | D        | Reached skill level 10 in Armour
  2070 | D        | Noticed a two-headed ogre
  2070 | D        | Noticed Erolcha
  2079 | D        | Killed Erolcha
  2080 | D        | Reached XP level 9. HP: 96/96 MP: 8/8
  2084 | D        | Killed a two-headed ogre
  2085 | D        | Reached skill level 15 in Fighting
  2085 | D        | Reached skill level 15 in Axes
  2088 | D        | Reached skill level 10 in Dodging
  2336 | D        | Noticed a wandering mushroom
  2340 | D        | Noticed a wandering mushroom
  2350 | D        | Noticed a wandering mushroom
  3088 | D        | Noticed a cane toad
  3088 | D        | Noticed a komodo dragon
  3088 | D        | Noticed a cane toad
  3108 | D        | Killed a cane toad
  3108 | D        | Received a gift from Trog
  3112 | D        | HP: 5/100 [poisoned by a cane toad]
  3115 | D        | HP: 1/100 [poisoned by a cane toad]
  3573 | D        | Killed a cane toad
  3575 | D        | Killed a komodo dragon
  3759 | D        | Noticed a rime drake
  3760 | D        | Killed a rime drake
  3761 | D        | Reached XP level 10. HP: 108/108 MP: 9/9
  3939 | D        | Received a gift from Trog
  4701 | D        | Noticed a lindwurm
  4706 | D        | Killed a lindwurm
  5129 | D        | Noticed Urug
  5136 | D        | Killed Urug
  5263 | D        | Noticed a seven-headed hydra
  5263 | D        | Noticed an eight-headed hydra
  5341 | D        | Noticed an orc knight
  5347 | D        | Received a gift from Trog
  5348 | D        | Noticed an orc high priest
  5350 | D        | Noticed a rust devil
  5355 | D        | Killed an orc knight
  5359 | D        | Noticed a sixfirhy
  5360 | D        | Noticed an orc knight
  5369 | D        | Killed an orc high priest
  5374 | D        | Reached ****** piety under Trog
  5375 | D        | Noticed an orc high priest
  5394 | D        | Killed an orc knight
  5528 | D        | Received a gift from Trog
  5530 | D        | Reached XP level 11. HP: 121/121 MP: 10/10
  5540 | D        | Killed an orc high priest
  5543 | D        | Found Ocamad's Assorted Antiques.
  5559 | D        | Bought a scroll labelled ORASSA ZANOGOA for 25 gold pieces
  5559 | D        | Bought a scroll of identify for 50 gold pieces
  5559 | D        | Bought a shiny scale mail for 175 gold pieces
  5659 | D        | Killed an eight-headed hydra
  5730 | D        | Noticed a deep elf zephyrmancer
  5730 | D        | Noticed a deep elf pyromancer
  5730 | D        | Noticed a deep elf pyromancer
  5730 | D        | Noticed a deep elf zephyrmancer
  5730 | D        | Noticed a deep elf pyromancer
  5740 | D        | Killed a deep elf zephyrmancer
  5742 | D        | Noticed a deep elf annihilator
  5743 | D        | Killed a deep elf pyromancer
  5744 | D        | Noticed a deep elf demonologist
  5744 | D        | Killed a deep elf pyromancer
  5744 | D        | Received a gift from Trog
  5747 | D        | Killed a deep elf pyromancer
  5752 | D        | Noticed a deep elf death mage
  5755 | D        | Noticed a Hell Sentinel
  5963 | D        | Identified the +8 battleaxe of Vori Ing {vorpal, *Rage
                  | *Noise Str+8 Dex+8}
  6007 | D        | Noticed Donald
  6007 | D        | Noticed Frances
  6011 | D        | Noticed a sixfirhy
  6017 | D        | Killed Frances
  6020 | D        | Killed Donald
  6438 | D        | Noticed a yaktaur captain
  6455 | D        | Noticed a sun demon
  6459 | D        | HP: 1/124 [sun demon[an orc high priest] (15)]
  6462 | D        | Slain by a sun demon

Illustrated notes

Levels and vault maps discovered:
D:        dungeon_sprint_mu [sprint_mu_entry_forest, sprint_mu_temple_rooms,
          sprint_mu_d1_spiders, sprint_mu_d2_genie, sprint_mu_d3_branching,
          sprint_mu_orc_legion, sprint_mu_elf_gauntlet, sprint_mu_hive_nellie,
          sprint_mu_lair_fedhas, sprint_mu_vaults_butterflies,
          sprint_mu_slime_circle, sprint_mu_swamp_cave, sprint_mu_shoals_kraken,
          sprint_mu_blade_basic, sprint_mu_crypt_chambers,
          sprint_mu_tomb_spiral, sprint_mu_vestibule_basic,
          sprint_mu_gehenna_hellfire, sprint_mu_dis_giant,
          sprint_mu_tartarus_statrot, sprint_mu_cocytus_islands, sprint_mu_zot1]

Skill      XL: |  1  2  3  4  5  6  7  8  9 10 11 |
---------------+----------------------------------+-----
Axes           | 5 6 11 12 14 16 18 20 | 20.1
Fighting       | 5 6 11 12 14 16 18 20 | 20.2
Armour         | 3 4 7 9 10 11 13 14 | 14.6
Dodging        | 3 4 7 8 9 10 12 13 | 13.4

Action                   |  1- 3 |  4- 6 |  7- 9 | 10-12 || total
-------------------------+-------+-------+-------+-------++-------
Melee: Hand axe          |    18 |    18 |   108 |       ||   144
       Headbutt          |     2 |     3 |    19 |    23 ||    47
       Punch             |       |     1 |     3 |       ||     4
       Battleaxe         |       |       |     6 |   107 ||   113
Invok: Berserk           |     2 |     1 |     6 |     3 ||    12
       Brothers in Arms  |       |       |       |     1 ||     1
       Trog's Hand       |       |       |       |     1 ||     1
  Use: Scroll            |       |       |       |     1 ||     1
       Potion            |       |       |       |     2 ||     2
 Stab: Sleeping          |     1 |       |     1 |     1 ||     3
Armor: Animal skin       |       |     1 |     6 |     5 ||    12
Dodge: Dodged            |     6 |     4 |    42 |    50 ||   102
